AoeStats
← Fraise le conquérant

Highland

505932715Analyzed
2v2 RM · 20d ago on Sep 11, 2026· 34m 3s· 4 players
Game mode
Random Map
Map size
Medium (4 player)
Population
200
Speed
Normal
Resources
Standard
Victory
Conquest
Starting age
Dark Age
Ending age
Imperial Age
RankedLock teamsTeams togetherTeam positionsShared explorationLock speedFull tech treeHidden civsTurbo modeCheats
Victory
Defeat
🇹🇷 Slavs · Türkiye
910
+15
🇨🇿 Vikings · Czechia
901
+16
🇫🇷 Ethiopians · France
902
-16
🇫🇷 Franks · France
893
-15
Germain
10:49 Feudal Age
12:11 Wheelbarrow
11:25 Double-Bit Axe
23:44 Castle Age
Fraise le conquérant
0:28 Loom
11:40 Feudal Age
17:00 Wheelbarrow
16:16 Double-Bit Axe
17:19 Man-at-Arms
23:56 Castle Age
24:08 Fishing Lines
25:18 Elite Skirmisher
25:57 Gillnets
26:32 Stone Mining
26:49 Gold Mining
26:52 Stone Mining
30:21 Medium Warships
Azmir
10:16 Feudal Age
12:11 Double-Bit Axe
13:09 Loom
20:28 Castle Age
18:49 Horse Collar
19:00 Gold Mining
20:33 Crossbowman
21:15 Fletching
21:39 Bow Saw
21:52 Bodkin Arrow
26:42 Gold Shaft Mining
28:55 Town Watch
30:56 Padded Archer Armor
34:03 Imperial Age
31:36 Heavy Plow
BerkO76567
10:48 Feudal Age
10:50 Man-at-Arms
11:44 Double-Bit Axe
14:51 Horse Collar
16:42 Loom
20:54 Castle Age
19:27 Forging
19:18 Scale Mail Armor
22:32 Iron Casting
22:20 Chain Mail Armor
22:12 Squires
22:57 Gold Mining
24:22 Pikeman
29:15 Wheelbarrow
28:25 Town Watch
28:38 Long Swordsman
29:52 Town Watch
33:48 Hand Cart
33:33 Town Patrol
37:06 Imperial Age
34:41 Detinets
Connection lost

Rejoining the realm…

Still unreachable

The connection could not be restored.

Session expired

The server has moved on; the page needs a fresh start.